 Dungeon Crawl Stone Soup version 0.32-a0-360-gcd93b57 (webtiles) character file.

Game seed: 10607844617349887033

479 PublicAnimeNo1 the Chopper (level 6, -6/47 (56) HPs)
             Began as a Mountain Dwarf Reaver on Feb 18, 2024.
             Mangled by an ogre
             ... wielding a +0 giant club
              (19 damage)
             ... on level 4 of the Dungeon.
             The game lasted 00:08:21 (2968 turns).

PublicAnimeNo1 the Chopper (Mountain Dwarf Reaver)  Turns: 2968, Time: 00:08:22

HP:   -6/47 (56)    AC:  4    Str: 16    XL:     6   Next: 86%
MP:   6/8           EV: 11    Int: 14    God:
Gold: 87            SH:  0    Dex:  8    Spells: 5/8 levels left

rFire   . . .        d - +1 whip (elec)
rCold   . . .        (no shield)
rNeg    . . .        b - +0 leather armour
rPois   .            (no helmet)
rElec   .            (no cloak)
rCorr   .            (no gloves)
SInv    .            j - +0 pair of boots
Will    .....        c - amulet of the acrobat
Stlth   +            (no ring)
HPRegen 0.27/turn    (no ring)
MPRegen 0.11/turn

%: acrobat
@: very slightly contaminated, heavily drained
A: runic magic, artefact enchanting
a: no special abilities


You were on level 4 of the Dungeon.
You visited 1 branch of the dungeon, and saw 4 of its levels.

You collected 87 gold pieces.

Inventory:

Hand Weapons
 a - a +0 heavy hand axe
 d - a +1 whip of electrocution (weapon)
 e - a +1 war axe of freezing
 k - a +2 dagger of venom
Armour
 b - a +0 leather armour (worn)
 g - a +0 kite shield
 j - a +0 pair of boots (worn)
 n - a +2 cloak
Jewellery
 c - an amulet of the acrobat (around neck)
 h - an amulet of faith
Scrolls
 i - 2 scrolls of immolation
Potions
 f - a potion of brilliance {unknown}
 m - 3 potions of invisibility {unknown}
 p - a potion of magic {unknown}


   Skills:
 + Level 5.2 Fighting
 * Level 7.8 Axes
 - Level 1.3 Dodging
 - Level 1.7 Spellcasting
 - Level 2.6 Conjurations


You had 5 spell levels left.
You knew the following spells:

 Your Spells              Type           Power      Damage    Failure   Level
a - Kiss of Death         Conj/Necr      16%        2d6       14%         1
b - Momentum Strike       Conj/Tloc      8%         3d8       22%         2

Your spell library contained the following spells:

 Spells                   Type           Power      Damage    Failure   Level
 Hailstorm                Conj/Ice       4%         3d5       41%         3
 Mephitic Cloud           Conj/Alch/Air  3%         N/A       45%         3
 Sticky Flame             Fire/Alch      1%         2d4       94%         4
 Lee's Rapid Deconstruct  Erth           0%         3d4*      100%        5


Dungeon Overview and Level Annotations

Branches:
Dungeon (4/15)
 Temple: D:4-7

Altars:


Innate Abilities, Weirdness & Mutations

Your spellcasting is much less encumbered by armour.
You can use scrolls of enchantment on lesser artefacts.


Message History

You hit the iguana but do no damage.
The iguana is moderately wounded.
You closely miss the iguana.
The iguana is moderately wounded.
The iguana barely misses you.
You hit the iguana.
The iguana is heavily wounded.
The iguana closely misses you.
You hit the iguana.
The iguana is severely wounded.
The iguana misses you.
You barely miss the iguana.
The iguana is severely wounded.
The iguana bites you but does no damage.
You hit the iguana but do no damage. Lightning courses through the iguana!
You kill the iguana!
You hit the ogre.
The ogre is lightly wounded.
The ogre hits you with a +0 giant club!!
Ouch! That really hurt!
* * * LOW HITPOINT WARNING * * *
Sorry, you're not good enough to have a special ability.
Casting: Kiss of Death (safe; 14% risk of failure)
Confirm with . or Enter, or press ? or * to list all spells.
Aiming: Kiss of Death (safe; 14% risk of failure)
Press: ? - help, Shift-Dir - straight line, f - ogre
Aim: an ogre, wielding a +0 giant club (lightly wounded, 100% to hit)
The fragment of death hits the ogre!
The ogre is drained!
The ogre is heavily wounded.
You feel drained.
Casting: Kiss of Death (safe; 14% risk of failure)
Confirm with . or Enter, or press ? or * to list all spells.
Aiming: Kiss of Death (safe; 14% risk of failure)
Press: ? - help, Shift-Dir - straight line, f/p - ogre
Aim: an ogre, wielding a +0 giant club (heavily wounded, lightly drained, 100% to hit)
You miscast Kiss of Death.
You are very lightly contaminated with residual magic.
Nothing appears to happen.
The ogre hits you with a +0 giant club!!
You die...

.....#
#....##
.....#
#.....#
.....#
##....#
.....#
#....#
.....#
###..#
.....#
#+########.#
.....#
...........#
...###
...........#
...#
.......@...#
...#
#######O####
...# .g.
...# .....
...# .......
####
#.......#
#.......#
##.....##


You could see an ogre (drained) and a goblin.

Vanquished Creatures
  An ogre (D:4)
  A scorpion (D:4)
  3 orc priests
  An iguana (D:4)
  3 orc wizards
  3 adders
  A ribbon worm (D:2)
  7 orcs
  9 ball pythons
  5 endoplasms
  2 giant cockroaches
  5 goblins
  7 hobgoblins
  4 jackals (D:2)
  A quokka (D:3)
  6 bats
  A frilled lizard (D:1)
  6 kobolds
  3 rats
69 creatures vanquished.

Notes
Turn   | Place    | Note
-------+----------+-------------------------------------------
     0 | D:1      | PublicAnimeNo1 the Mountain Dwarf Reaver began the quest
                  | for the Orb.
     0 | D:1      | Reached XP level 1. HP: 17/17 MP: 3/3
    45 | D:1      | Got the Directory of Gritty Ceration
    60 | D:1      | Reached skill level 4 in Axes
   143 | D:1      | Reached XP level 2. HP: 23/25 MP: 4/4
   233 | D:1      | Found a faded altar of an unknown god.
   604 | D:2      | HP: 1/26 [ribbon worm (1)]
   612 | D:2      | Reached XP level 3. HP: 26/31 MP: 5/5
   667 | D:2      | Learned a level 2 spell: Momentum Strike
   871 | D:2      | Reached skill level 5 in Axes
   971 | D:2      | Reached XP level 4. HP: 34/35 MP: 4/6
  1477 | D:2      | Reached XP level 5. HP: 6/30 MP: 4/7
  1835 | D:3      | Reached skill level 6 in Axes
  1951 | D:3      | Reached XP level 6. HP: 45/48 MP: 8/8
  2658 | D:4      | Reached skill level 7 in Axes
  2824 | D:4      | Reached skill level 5 in Fighting
  2968 | D:4      | Mangled by an ogre

Illustrated notes

Levels and vault maps discovered:
D:1:      roadster_arrival_rocket_small, layout_rooms,
          ebering_ecumenical_altar_box
D:2:      layout_rooms
D:3:      layout_loops_ring
D:4:      minmay_opposing_rooms, layout_basic

Skill      XL: |  1  2  3  4  5  6 |
---------------+-------------------+-----
Axes           | 4 5 6 7 |  7.8
Fighting       | 3 4 5 |  5.2
Dodging        | |  1.3
Spellcasting   | |  1.7
Conjurations   | |  2.6

Action                     |  1- 3 |  4- 6 || total
---------------------------+-------+-------++-------
  Melee: Hand axe          |   119 |    21 ||   140
         Whip              |       |   112 ||   112
   Cast: Kiss of Death     |     1 |     4 ||     5
         Momentum Strike   |     1 |       ||     1
    Use: Potion            |     1 |       ||     1
         Scroll            |       |     7 ||     7
 Armour: Leather armour    |    76 |    80 ||   156
  Dodge: Dodged            |    67 |    56 ||   123

Table legend: (Time is in decaauts)
 A = Elapsed time spent in this place.
 B = Non-inter-level travel time spent in this place.
 C = Inter-level travel time spent in this place.
 D = Time resting spent in this place.
 E = Time spent auto-exploring this place.
 F = Levels seen in this place.
 G = Mean time per level.
                   A        B        C        D        E       F      G
               +--------+--------+--------+--------+--------+-----+--------+
         Total |   2974 |   2894 |     80 |    640 |   1693 |   4 |  743.5 |
       Dungeon |   2974 |   2894 |     80 |    640 |   1693 |   4 |  743.5 |
               +--------+--------+--------+--------+--------+-----+--------+

Top non-repeatable levels by time:
     D:2: 1181 daAuts
     D:3: 911 daAuts
     D:1: 564 daAuts
     D:4: 317 daAuts
